 Dungeon Crawl Stone Soup version 0.26-a0-835-g8259106e14 (webtiles) character file.

Game seed: 4186715830811768529

1501 Kinoniko the Slicer (level 9, 0/59 HPs)
             Began as a Kobold Gladiator on Nov 17, 2020.
             Was a Follower of Uskayaw.
             Succumbed to Duvessa's poison
             ... on level 6 of the Dungeon.
             The game lasted 00:10:40 (7022 turns).

Kinoniko the Slicer (Kobold Gladiator)              Turns: 7022, Time: 00:10:40

Health: 0/59       AC:  9    Str: 14    XL:     9   Next: 8%
Magic:  9/9        EV: 13    Int:  9    God:    Uskayaw [*.....]
Gold:   660        SH:  0    Dex: 17    Spells: 8/8 levels left

rFire    . . .     SeeInvis .   g - +1 dagger (venom)
rCold    + . .     Faith    .   (shield restricted)
rNeg     . . .     Spirit   .   i - +0 chain mail
rPois    .         Reflect  .   s - +0 helmet
rElec    +         Harm     .   (no cloak)
rCorr    .         Rampage  .   (no gloves)
MR       .....                  (no boots)
Stlth    ++........             (no amulet)
HPRegen  0.19/turn              (no ring)
MPRegen  0.11/turn              (no ring)

@: lethally poisoned (0 -> -20)
A: small, cold resistance 1, nightstalker 3, robust 1, electricity resistance,
sturdy frame 1
a: Stomp, Renounce Religion


You were on level 6 of the Dungeon.
You worshipped Uskayaw.
Uskayaw was noncommittal.
You visited 2 branches of the dungeon, and saw 7 of its levels.

You collected 660 gold pieces.

Inventory:

Hand Weapons
 a - a +0 rapier
 g - a +1 dagger of venom (weapon)
Missiles
 d - 3 throwing nets (quivered)
Armour
 b - a +0 leather armour
 c - a +0 helmet
 h - a +0 scale mail
 i - a +0 chain mail (worn)
 o - a +0 ring mail
 s - a +0 helmet (worn)
Jewellery
 m - an uncursed ring of fire {unknown}
Scrolls
 j - a scroll of fear {unknown}
 k - 2 scrolls of fog
 l - 5 scrolls of remove curse
Potions
 e - 2 potions of flight
 q - a potion of magic
 u - 2 potions of attraction


   Skills:
 + Level 5.5 Fighting
 * Level 9.8 Short Blades
 - Level 2.1 Throwing
 + Level 6.6 Dodging
 + Level 6.6 Stealth


You had 8 spell levels left.
You didn't know any spells.
Your spell library was empty.

Dungeon Overview and Level Annotations

Branches:
Dungeon (6/15)             Temple (1/1) D:5

Altars:
Ashenzari
Cheibriados
Dithmenos
Elyvilon
Fedhas
Gozag
Hepliaklqana
Kikubaaqudgha
Makhleb
Nemelex Xobeh
Okawaru
Qazlal
Ru
Sif Muna
Trog
Uskayaw
Vehumet
Wu Jian
Xom
Yredelemnul
Zin
The Shining One

Annotations:
D:6 Duvessa


Innate Abilities, Weirdness & Mutations

You are small and have problems with some larger weapons.
You are completely attuned to the shadows.
Your flesh is cold resistant. (rC+)
You are robust. (+10% HP)
You are resistant to electric shocks. (rElec)
Your movements are slightly less encumbered by armour. (ER -2)


Message History

As you read the scroll labelled EPOKIHEPLA, it crumbles to dust.
You hear a loud clanging noise!
It was a scroll of noise.
* * * LOW HITPOINT WARNING * * *
You feel sick.
You hear a bark!
You hear a shout! x3; You hear an angry hiss.
You hear a bark!
You hear a shout! x2
A hound comes into view.
Unknown command.
It was a potion of magic.
Magic courses through your body.
* * * LOW HITPOINT WARNING * * *
You feel sick.
Unknown command.
Really quaff the potion of mutation?
You feel extremely strange.
You feel less resistant to poisons.
Your yellow scales disappear.
Your iridescent scales disappear.
You feel less encumbered by your armour.
You feel insulated.
You feel resistant to cold.
You feel robust.
You die...

..# ..# ###
.##
############
###..
...e...[)...
...
.#########..
#.# ## #@#
#.# #h# #.#
..#


You could see a hound.

Vanquished Creatures
  2 sky beasts (D:5)
  2 ogres
  2 phantoms
  A centaur (D:5)
  2 bullfrogs
  Dowan (D:6)
  5 hounds
  2 orc priests (D:4)
  4 orc wizards
  An iguana (D:4)
  5 worker ants (D:4)
  Robin (D:4)
  A gnoll (D:2)
  9 adders
  2 shadow imps
  A white imp (D:5)
  3 adder skeletons
  3 dart slugs
  A worm (D:2)
  8 leopard geckos
  7 orcs
  4 bats
  7 giant cockroaches
  14 goblins
  10 hobgoblins
  13 jackals
  9 kobolds
  4 quokkas
  5 frilled lizards
  2 leopard gecko skeletons
  A leopard gecko zombie (D:5)
  10 rats
142 creatures vanquished.

Notes
Turn   | Place    | Note
-------+----------+-------------------------------------------
     0 | D:1      | Kinoniko the Kobold Gladiator began the quest for the Orb.
     0 | D:1      | Reached XP level 1. HP: 12/12 MP: 1/1
   220 | D:1      | Reached XP level 2. HP: 16/18 MP: 2/2
   225 | D:1      | Reached skill level 1 in Stealth
   631 | D:1      | Reached XP level 3. HP: 16/22 MP: 3/3
  1182 | D:2      | Reached skill level 5 in Short Blades
  1435 | D:2      | Found a faded altar of an unknown god.
  1582 | D:2      | Reached XP level 4. HP: 27/27 MP: 4/4
  2035 | D:3      | Found an opulent altar of Gozag.
  2286 | D:3      | Gained mutation: You are partially covered in yellow
                  | scales. (AC +2) [potion of mutation]
  2286 | D:3      | Gained mutation: You are partially covered in iridescent
                  | scales. (AC +2) [potion of mutation]
  2286 | D:3      | Gained mutation: You evolve. [potion of mutation]
  2455 | D:3      | Reached XP level 5. HP: 32/32 MP: 5/5
  2739 | D:3      | Found a shimmering altar of Xom.
  2741 | D:3      | Found a shimmering altar of Xom.
  2744 | D:3      | Found a shimmering altar of Xom.
  3103 | D:4      | Identified the cursed -5 helmet "Yhanoab" {rC+ Dex+5 SInv}
  3103 | D:4      | Noticed Robin
  3124 | D:4      | Killed Robin
  3125 | D:4      | Reached skill level 6 in Short Blades
  3187 | D:4      | Reached XP level 6. HP: 29/37 MP: 6/6
  3375 | D:4      | Gained mutation: Your system is resistant to poisons.
                  | (rPois) [evolution]
  3527 | D:4      | Reached skill level 7 in Short Blades
  3527 | D:4      | Reached XP level 7. HP: 16/42 MP: 7/7
  3537 | D:4      | Reached skill level 5 in Dodging
  4134 | D:4      | Lost mutation: You evolve. [end of evolution]
  4612 | D:4      | Reached skill level 5 in Stealth
  4759 | D:4      | Reached skill level 8 in Short Blades
  4759 | D:4      | Reached XP level 8. HP: 24/48 MP: 8/8
  5260 | D:5      | Entered Level 5 of the Dungeon
  5511 | D:5      | Found a staircase to the Ecumenical Temple.
  5558 | D:5      | Reached skill level 5 in Fighting
  5559 | D:5      | Found an iron altar of Okawaru.
  5644 | D:5      | Reached skill level 9 in Short Blades
  6420 | Temple   | Entered the Ecumenical Temple
  6736 | Temple   | Became a worshipper of Uskayaw the Reveller
  6799 | D:6      | Reached * piety under Uskayaw
  6810 | D:6      | Reached ** piety under Uskayaw
  6818 | D:6      | Reached *** piety under Uskayaw
  6819 | D:6      | Reached XP level 9. HP: 37/54 MP: 9/9
  6987 | D:6      | Noticed Dowan
  6989 | D:6      | Noticed Duvessa
  6999 | D:6      | Killed Dowan
  7021 | D:6      | HP: 2/54 [poisoned by Duvessa]
  7022 | D:6      | Lost mutation: Your system is resistant to poisons. (rPois)
                  | [potion of mutation]
  7022 | D:6      | Lost mutation: You are partially covered in yellow scales.
                  | (AC +2) [potion of mutation]
  7022 | D:6      | Lost mutation: You are partially covered in iridescent
                  | scales. (AC +2) [potion of mutation]
  7022 | D:6      | Gained mutation: Your movements are slightly less
                  | encumbered by armour. (ER -2) [potion of mutation]
  7022 | D:6      | Gained mutation: You are resistant to electric shocks.
                  | (rElec) [potion of mutation]
  7022 | D:6      | Gained mutation: Your flesh is cold resistant. (rC+)
                  | [potion of mutation]
  7022 | D:6      | Gained mutation: You are robust. (+10% HP) [potion of
                  | mutation]
  7022 | D:6      | Succumbed to Duvessa's poison

Illustrated notes

Levels and vault maps discovered:
D:1:      heliophobic_arrival_henge, layout_basic
D:2:      minmay_chambers_of_ones, layout_loops_ring,
          chequers_ecumenical_altar_island, cheibrodos_gnoll_hut
D:3:      layout_basic, grunt_gozag_breadcrumbs, columned_hall_lemuel,
          xom_redecorated
D:4:      minmay_polygon_palace, layout_rooms, uniq_robin
D:5:      layout_rooms, minmay_temple_entry_fiery, basic_altar
D:6:      layout_rooms, uniq_duvessa
Temple:   regret_index_temple_sigil_plot

Skill      XL: |  1  2  3  4  5  6  7  8 |
---------------+-------------------------+-----
Stealth        | 1 2 3 4 5 6 |  6.6
Short Blades   | 5 6 7 8 9 |  9.8
Dodging        | 4 5 6 |  6.6
Fighting       | 3 4 5 |  5.5
Throwing       | |  2.1

Action                   |  1- 3 |  4- 6 |  7- 9 || total
-------------------------+-------+-------+-------++-------
Melee: Rapier            |    79 |    65 |    10 ||   154
       Dagger            |       |   130 |   410 ||   540
  Use: Potion            |       |     7 |     3 ||    10
       Scroll            |       |    10 |     5 ||    15
 Stab: Sleeping          |     8 |     7 |     4 ||    19
       Distracted        |       |       |     1 ||     1
Armor: Leather armour    |     7 |       |       ||     7
       Scale mail        |     8 |       |       ||     8
       Ring mail         |       |    50 |    69 ||   119
       Chain mail        |       |       |    34 ||    34
Dodge: Dodged            |    50 |   157 |   233 ||   440

Table legend: (Time is in decaauts)
 A = Elapsed time spent in this place.
 B = Non-inter-level travel time spent in this place.
 C = Inter-level travel time spent in this place.
 D = Time resting spent in this place.
 E = Time spent auto-exploring this place.
 F = Levels seen in this place.
 G = Mean time per level.
                   A        B        C        D        E       F      G
               +--------+--------+--------+--------+--------+-----+--------+
         Total |   6770 |   6503 |    267 |   1293 |   4094 |   7 |  967.1 |
       Dungeon |   6423 |   6210 |    213 |   1293 |   3803 |   6 | 1070.5 |
        Temple |    346 |    293 |     53 |      0 |    291 |   1 |  346.0 |
               +--------+--------+--------+--------+--------+-----+--------+

Top non-repeatable levels by time:
     D:4: 1810 daAuts
     D:3: 1289 daAuts
     D:5: 1111 daAuts
     D:2: 1076 daAuts
     D:1: 931 daAuts
  Temple: 346 daAuts
     D:6: 203 daAuts
